 Dungeon Crawl Stone Soup version 0.27-a0-955-gb57c80000f (webtiles) character file.

Game seed: 16519435764697635165

44 Glokmah the Unweaver (level 3, 0/29 HPs)
             Began as a Demonspawn Abyssal Knight on Apr 12, 2021.
             Was a Follower of Lugonu.
             Succumbed to an adder's poison
             ... on level 2 of the Dungeon.
             The game lasted 00:01:55 (849 turns).

Glokmah the Unweaver (Demonspawn Abyssal Knight)     Turns: 849, Time: 00:01:56

Health: 0/29       AC:  6    Str: 13    XL:     3   Next: 39%
Magic:  5/5        EV: 11    Int: 13    God:    Lugonu [*.....]
Gold:   36         SH:  0    Dex: 12    Spells: 2/2 levels left

rFire    . . .     SeeInvis .   a - +2 spear
rCold    . . .     Faith    .   (no shield)
rNeg     . . .     Spirit   .   b - +1 leather armour
rPois    .         Reflect  .   (no helmet)
rElec    .         Harm     .   (no cloak)
rCorr    .         Rampage  .   (no gloves)
Will     .....                  (no boots)
Stlth    +.........             e - amulet of magic regeneration
HPRegen  0.09/turn              f - ring of flight
MPRegen  0.34/turn              (no ring)

@: lethally poisoned (0 -> -3), flying
A: yellow scales 1
a: Renounce Religion, Depart the Abyss


You were on level 2 of the Dungeon.
You worshipped Lugonu.
Lugonu was aware of your devotion.
You visited 1 branch of the dungeon, and saw 2 of its levels.
You visited the Abyss 1 time.

You collected 36 gold pieces.

Inventory:

Hand Weapons
 a - a +2 spear (weapon)
Missiles
 d - 15 sling bullets
Armour
 b - a +1 leather armour (worn)
Jewellery
 e - an amulet of magic regeneration (around neck)
 f - a ring of flight (left hand)
Scrolls
 h - a scroll of fear {unknown}
 i - a scroll of torment {unknown}


   Skills:
 + Level 3.1 Fighting
 * Level 2.3 Polearms
 + Level 2.0 Armour
 + Level 1.3 Dodging
 * Level 3.5 Invocations


You had 2 spell levels left.
You didn't know any spells.
Your spell library was empty.

Dungeon Overview and Level Annotations

Branches:
Dungeon (2/15)

Altars:


Innate Abilities, Weirdness & Mutations

You are partially covered in yellow scales. (AC +2)


Message History

The adder is moderately wounded.
You feel very sick. The adder closely misses you.
You closely miss the adder.
The adder is moderately wounded.
You feel sick. The adder barely misses you.
You miss the adder.
The adder is moderately wounded.
You feel sick. The adder bites you.
You are lethally poisoned!
The adder poisons you! The adder bites you but does no damage.
You hit the adder.
The adder is almost dead.
* * * LOW HITPOINT WARNING * * *
You feel very sick. The adder bites you but does no damage.
You closely miss the adder.
The adder is almost dead.
* * * LOW HITPOINT WARNING * * *
You feel sick. The adder bites you but does no damage.
Okay, then.
You aren't carrying any potions.
Unknown command.
As you read the scroll labelled DOPPU MAMEAT, it crumbles to dust.
It is a scroll of enchant weapon.
Your +1 spear glows red for a moment.
* * * LOW HITPOINT WARNING * * *
You feel sick. The adder closely misses you.
The adder bites you but does no damage.
You hit the adder.
You kill the adder!
Lugonu accepts your kill.
* * * LOW HITPOINT WARNING * * *
You feel sick.
As you read the scroll labelled HAUTOK ADE GECUHO, it crumbles to dust.
It is a scroll of enchant armour.
Your +0 leather armour glows green for a moment.
* * * LOW HITPOINT WARNING * * *
You feel sick.
You die...

## . .# # ##
#.#.#
#.###....#
#.#@....#
#<##.#.#
#...(.)....)
#.##.#.##.##
# #.#.# #
#.. # ..#
###


There were no monsters in sight!

Vanquished Creatures
  2 adders
  2 endoplasms (D:1)
  2 giant cockroaches
  2 goblins (D:1)
  4 hobgoblins (D:1)
  3 kobolds (D:1)
  2 ball pythons (D:1)
  4 bats (D:1)
  A frilled lizard (D:1)
  3 rats (D:1)
25 creatures vanquished.

Notes
Turn   | Place    | Note
-------+----------+-------------------------------------------
     0 | Abyss:1  | Glokmah the Demonspawn Abyssal Knight began the quest for
                  | the Orb.
     0 | Abyss:1  | Reached XP level 1. HP: 18/18 MP: 2/2
    26 | Abyss:1  | Noticed an ancient zyme
    33 | Abyss:1  | Noticed a raiju
    36 | Abyss:1  | Noticed a small abomination
    37 | D:1      | Escaped the Abyss
    79 | D:1      | Reached skill level 1 in Dodging
    98 | D:1      | Reached * piety under Lugonu
   131 | D:1      | Gained mutation: You are partially covered in yellow
                  | scales. (AC +2) [demonic ancestry]
   131 | D:1      | Reached XP level 2. HP: 15/24 MP: 4/4
   732 | D:1      | Reached XP level 3. HP: 20/29 MP: 5/5
   848 | D:2      | HP: 1/29 [poisoned by an adder]
   849 | D:2      | Succumbed to an adder's poison

Illustrated notes

Levels and vault maps discovered:
D:1:      minmay_arrival_solitary_statue, layout_rooms, columned_hall_lemuel
D:2:      layout_loops_cross, hellmonk_ecumenical_altar_inner_sanctum,
          minmay_fountain_box, kennysheep_donut

Skill      XL: |  1  2 |
---------------+-------+-----
Dodging        | 1 |  1.3
Polearms       | 2 |  2.3
Invocations    | 3 |  3.5
Armour         | 2 |  2.0
Fighting       | |  3.1

Action                   || total
-------------------------++-------
Melee: Spear             ||    76
Invok: Depart the Abyss  ||     1
  Use: Scroll            ||     2
Armor: Leather armour    ||    19
Dodge: Dodged            ||    33

Table legend: (Time is in decaauts)
 A = Elapsed time spent in this place.
 B = Non-inter-level travel time spent in this place.
 C = Inter-level travel time spent in this place.
 D = Time resting spent in this place.
 E = Time spent auto-exploring this place.
 F = Levels seen in this place.
 G = Mean time per level.
                   A        B        C        D        E       F      G
               +--------+--------+--------+--------+--------+-----+--------+
         Total |    848 |    844 |      4 |    171 |    441 |   3 |  282.7 |
       Dungeon |    811 |    807 |      4 |    171 |    441 |   2 |  405.5 |
         Abyss |     37 |     37 |      0 |      0 |      0 |   1 |   37.0 |
               +--------+--------+--------+--------+--------+-----+--------+

Top non-repeatable levels by time:
     D:1: 790 daAuts
 Abyss:1: 37 daAuts
     D:2: 21 daAuts
